 Dungeon Crawl Stone Soup version 0.20.1-1-g8b1a95d (webtiles) character file.

108 Energizer the Skirmisher (level 4, -3/36 HPs)
             Began as a Demonspawn Chaos Knight on July 23, 2017.
             Slain by Energizer's ghost (6 damage)
             ... on level 3 of the Dungeon.
             The game lasted 00:05:18 (2187 turns).

Energizer the Skirmisher (Demonspawn Chaos Knight)  Turns: 2187, Time: 00:05:18

Health: -3/36      AC:  9    Str: 18    XL:     4   Next: 58%
Magic:  0/4        EV: 12    Int: 18    God:    Xom [...*..]
Gold:   231        SH:  0    Dex: 13    Spells: 3/3 levels left

rFire    . . .     SeeInvis .   a - +0 falchion (chaos)
rCold    + . .     Gourm    .   (no shield)
rNeg     . . .     Faith    .   b - +2 leather armour
rPois    .         Spirit   +   (no helmet)
rElec    .         Reflect  .   m - +0 cloak
rCorr    .         Harm     .   (no gloves)
MR       .....                  l - +0 pair of boots (curse)
Stlth    +.........             (no amulet)
Regen    0.2/turn               (no ring)
MPRegen  0.1/turn               (no ring)

@: mighty, brilliant
A: thin metallic scales 1, cold resistance 1, mutation resistance 1, magic
shield, no potion heal 1
a: Renounce Religion


You were on level 3 of the Dungeon.
You worshipped Xom.
You were a favourite toy of Xom.
You were not hungry.

You visited 1 branch of the dungeon, and saw 3 of its levels.

You collected 231 gold pieces.

Inventory:

Hand Weapons
 a - a +0 falchion of chaos (weapon)
Missiles
 v - 6 arrows
Armour
 b - a +2 leather armour (worn)
 l - a cursed +0 pair of boots (worn)
 m - a +0 cloak (worn)
Scrolls
 d - a scroll of amnesia {unknown}
 e - a scroll of fog {unknown}
 f - a scroll of random uselessness {unknown}
 g - 2 scrolls of enchant armour {unknown}
 i - a scroll of noise {unknown}
 j - a scroll of teleportation {unknown}
 k - a scroll of remove curse {unknown}
 n - a scroll of identify {unknown}
 q - 2 scrolls of fear {unknown}
 u - a scroll of recharging {unknown}
 w - a scroll of immolation {unknown}
Potions
 h - a potion of ambrosia
 t - a potion of mutation
Comestibles
 c - a bread ration
 o - 2 chunks of flesh
 p - 2 meat rations
 z - a royal jelly


   Skills:
 + Level 3.6 Fighting
 * Level 3.6 Long Blades
 + Level 2.5 Armour
 + Level 2.0 Dodging


You had 3 spell levels left.
You didn't know any spells.

Dungeon Overview and Level Annotations

Branches:
Dungeon (3/15)

Altars:
Elyvilon
Trog

Annotations:
D:3 Energizer's ghost, amateur DsCK


Innate Abilities, Weirdness & Mutations

You are partially covered in thin metallic scales. (AC +2)
When hurt, damage is shared between your health and your magic reserves.
Your flesh is cold resistant. (rC+)
You are somewhat resistant to further mutation.
Potions are less effective at restoring your health.


Message History

It was a potion of brilliance.
You feel clever all of a sudden.
* * * LOW HITPOINT WARNING * * *
You feel sick. Energizer's ghost hits you.
* * * LOW HITPOINT WARNING * * *
Energizer's ghost freezes you.
* * * LOW HITPOINT WARNING * * *
It was a potion of curing.
Your system partially rejects the healing.
You feel better.
Xom plays with reality for a moment.
Energizer's ghost is unaffected.
Energizer's ghost hits you.
* * * LOW HITPOINT WARNING * * *
Energizer's ghost hits you but does no damage.
Energizer's ghost says very slowly, "There's no hope."
Energizer's ghost barely misses you.
Energizer's ghost ripples.
Energizer's ghost hits you!
You die...
Xom roars with laughter!

##.##.# #...###.####.......<.#
......######.## #........#######
#......(.# #.# #........#
.....###.###.## ########'##
.###..##.##...## ##†..## .#
#.###.#.#.#.# ##.....##
+###.##........## ##.......##
_###.....##.....####.........#
+###............@..'.........'..
.# #.##.###.#..W####.........###
.###.##.# #....## ##.......##
........# ####.# ##.....##
.#...##.# #÷# ##...##
.#.####.######.# ##'##
.#.####........# #.#
........######.# . ##.###### #.#


You could see Energizer's ghost.

Vanquished Creatures
  4 adders
  An ooze (D:3)
  A dart slug (D:1)
  A leopard gecko (D:1)
  A ball python (D:3)
  2 giant cockroaches
  7 goblins
  7 hobgoblins
  4 jackals (D:3)
  6 kobolds
  5 bats
  6 frilled lizards
  7 rats
52 creatures vanquished.

Vanquished Creatures (collateral kills)
  A worm (D:3)
  A jackal (D:3)
2 creatures vanquished.

Vanquished Creatures (others)
  An adder (D:2)
1 creature vanquished.

Grand Total: 55 creatures vanquished

Notes
Turn   | Place    | Note
-------+----------+-------------------------------------------
     0 | D:1      | Energizer the Demonspawn Chaos Knight began the quest for the Orb.
     0 | D:1      | Reached XP level 1. HP: 18/18 MP: 1/1
    31 | D:1      | XOM: silly message
    86 | D:1      | XOM: divination: detect items
   216 | D:1      | XOM: potion effect (invisibility)
   240 | D:1      | Reached skill level 1 in Dodging
   363 | D:1      | Gained mutation: You are partially covered in thin metallic scales. (AC +2) [demonic ancestry]
   363 | D:1      | Reached XP level 2. HP: 17/24 MP: 2/2
  1016 | D:2      | XOM: divination: detect creatures
  1032 | D:2      | Reached XP level 3. HP: 29/29 MP: 3/3
  1142 | D:2      | XOM: god gift: 62 gold pieces
  1497 | D:2      | XOM is BORED!
  1497 | D:2      | XOM: mild Chrm miscast
  1520 | D:3      | Found a white marble altar of Elyvilon.
  1748 | D:3      | Gained mutation: When hurt, damage is shared between your health and your magic reserves. [demonic ancestry]
  1748 | D:3      | Reached XP level 4. HP: 35/35 MP: 4/4
  1839 | D:3      | Found a bloodstained altar of Trog.
  1864 | D:3      | XOM: cleaving
  1868 | D:3      | XOM: divination: detect items
  2123 | D:3      | Noticed Energizer's ghost (amateur DsCK)
  2124 | D:3      | XOM: enchant monster (good)
  2170 | D:3      | XOM: divination: detect creatures
  2174 | D:3      | XOM: divination: detect items
  2176 | D:3      | HP: 1/36 [Energizer's ghost (3)]
  2178 | D:3      | Gained mutation: Potions are less effective at restoring your health. [potion of mutation]
  2178 | D:3      | Gained mutation: You are somewhat resistant to further mutation. [potion of mutation]
  2178 | D:3      | Gained mutation: Your flesh is cold resistant. (rC+) [potion of mutation]
  2183 | D:3      | XOM: cast spell 'Cause Fear'
  2187 | D:3      | Slain by Energizer's ghost

Skill      XL: |  1  2  3  4 |
---------------+-------------+-----
Dodging        | 1 2 |  2.0
Armour         | 2 |  2.5
Long Blades    | 3 |  3.6
Fighting       | |  3.6

Action                   |  1- 3 |  4- 6 || total
-------------------------+-------+-------++-------
Melee: Falchion          |   101 |    68 ||   169
  Use: Potion            |       |     7 ||     7
 Stab: Paralysed         |     1 |     1 ||     2
  Eat: Chunk             |     3 |     1 ||     4
Armor: Leather armour    |    34 |    32 ||    66
Dodge: Dodged            |    69 |    62 ||   131
       Rpst.: Falchion   |    19 |    18 ||    37
